 Dungeon Crawl Stone Soup version 0.23.1 (webtiles) character file.

Game seed: 3156550330000166866

126 Flatfoot the Sneak (level 4, 0/23 HPs)
             Began as a Spriggan Assassin on Mar 19, 2019.
             Slain by an orc wizard
             ... wielding a +0 dagger
              (2 damage)
             ... on level 4 of the Dungeon.
             The game lasted 00:07:19 (3398 turns).

Flatfoot the Sneak (Spriggan Assassin)              Turns: 3398, Time: 00:07:20

Health: 0/23       AC:  3    Str:  8    XL:     4   Next: 83%
Magic:  5/5        EV: 18    Int: 12    God:
Gold:   57         SH:  0    Dex: 17    Spells: 3/3 levels left

rFire    . . .     SeeInvis +   a - +2 dagger
rCold    . . .     Gourm    .   (shield restricted)
rNeg     . . .     Faith    .   c - +0 robe
rPois    .         Spirit   .   (helmet restricted)
rElec    .         Reflect  .   d - +0 cloak
rCorr    .         Harm     .   (gloves unavailable)
MR       .....                  (boots unavailable)
Stlth    ++++......             (no amulet)
HPRegen  0.07/turn              (no ring)
MPRegen  0.09/turn              (no ring)

@: very quick
A: very small, unfitting armour, see invisible, herbivore, speed 3, slow
metabolism 2
a: no special abilities


You were on level 4 of the Dungeon.
You were not hungry.

You visited 1 branch of the dungeon, and saw 4 of its levels.

You collected 57 gold pieces.

Inventory:

Hand Weapons
 a - a +2 dagger (weapon)
 b - a +0 blowgun
Missiles
 e - 3 poisoned needles
 f - 3 curare-tipped needles
Armour
 c - a +0 robe (worn)
 d - a +0 cloak (worn)
Jewellery
 i - an uncursed ring of flight {unknown}
 o - an uncursed amulet of faith {unknown}
Scrolls
 h - 3 scrolls of enchant armour {unknown}
 j - a scroll of random uselessness {unknown}
 k - 2 scrolls of remove curse {unknown}
 l - 4 scrolls of identify {unknown}
 p - 2 scrolls of amnesia {unknown}
 r - 2 scrolls of teleportation {unknown}
 s - a scroll of magic mapping {unknown}
 t - a scroll of immolation {unknown}
Potions
 m - a potion of curing
 n - a potion of haste {unknown}
 q - a potion of flight {unknown}
Comestibles
 g - 5 rations


   Skills:
 + Level 2.1 Fighting
 + Level 3.0 Short Blades
 + Level 2.8 Throwing
 + Level 2.6 Dodging
 + Level 7.4 Stealth


You had 3 spell levels left.
You didn't know any spells.
Your spell library was empty.

Dungeon Overview and Level Annotations

Branches:
Dungeon (4/15)
 Temple: D:4-7

Altars:

Annotations:
D:2 exclusion: 2 downstairs


Innate Abilities, Weirdness & Mutations

You are very small and have problems with some larger weapons.
You are too small for most types of armour.
You have supernaturally acute eyesight. (SInv)
You are a herbivore.
You cover ground extremely quickly.
You need to consume almost no food.


Message History

You shoot a poisoned needle.
The poisoned needle barely misses the orc wizard.
The orc wizard barely misses you.
Firing (i - inventory. (/) - cycle)
e - 5 poisoned needles (quivered)
Press: ? - help, Shift-Dir - straight line, f/p - orc wizard
Aim: an orc wizard, wielding a +0 dagger and wearing a +0 robe (moderately wounded, poisoned, slightly transparent)
You shoot a poisoned needle.
The poisoned needle hits the orc wizard.
The orc wizard looks even sicker.
The orc wizard is moderately wounded.
The orc wizard hits you with a +0 dagger.
* * * LOW HITPOINT WARNING * * *
Firing (i - inventory. (/) - cycle)
e - 4 poisoned needles (quivered)
Press: ? - help, Shift-Dir - straight line, f/p - orc wizard
Aim: an orc wizard, wielding a +0 dagger and wearing a +0 robe (moderately wounded, poisoned, slightly transparent)
You shoot a poisoned needle.
The poisoned needle barely misses the orc wizard.
a - a +2 dagger (weapon)
The orc wizard hits you with a +0 dagger.
You die...

#..##........
#..##........
#..##........
#.........#..
##.######.. .
#.# ... #.#
#.########...
#....@o.....(
#########....
#


You could see an orc wizard (invisible).

Vanquished Creatures
  An orc priest (D:3)
  2 adders (D:2)
  An ooze (D:3)
  4 dart slugs (D:1)
  A leopard gecko (D:3)
  10 orcs
  8 bats
  2 giant cockroaches (D:2)
  7 goblins
  5 hobgoblins (D:1)
  A quokka (D:2)
  3 frilled lizards
  7 kobolds
  3 rats
55 creatures vanquished.

Notes
Turn   | Place    | Note
-------+----------+-------------------------------------------
     0 | D:1      | Flatfoot the Spriggan Assassin began the quest for the Orb.
     0 | D:1      | Reached XP level 1. HP: 10/10 MP: 2/2
    35 | D:1      | Reached skill level 6 in Stealth
    84 | D:1      | Reached XP level 2. HP: 13/15 MP: 3/3
  1087 | D:1      | Reached XP level 3. HP: 18/18 MP: 4/4
  1558 | D:2      | Reached skill level 7 in Stealth
  2067 | D:3      | Reached XP level 4. HP: 21/23 MP: 5/5
  2109 | D:3      | HP: 1/23 [asphyx]
  3398 | D:4      | Slain by an orc wizard

Skill      XL: |  1  2  3  4 |
---------------+-------------+-----
Stealth        | 6 7 |  7.4
Dodging        | 2 |  2.6
Fighting       | 2 |  2.1
Short Blades   | 3 |  3.0
Throwing       | |  2.8

Action                   |  1- 3 |  4- 6 || total
-------------------------+-------+-------++-------
Melee: Dagger            |   122 |    67 ||   189
 Fire: Blowgun           |     6 |    13 ||    19
  Use: Potion            |       |     1 ||     1
 Stab: Sleeping          |     9 |       ||     9
       Distracted        |     1 |       ||     1
Armor: Robe              |    20 |     4 ||    24
Dodge: Dodged            |    93 |    38 ||   131
